 Dungeon Crawl Stone Soup version 0.29.1-12-g30fa7ad0bf (webtiles) character file.

Game seed: 10836282691646149762

30 cheesebisquit the Trooper (level 3, 0/33 HPs)
             Began as a Minotaur Berserker on Dec 22, 2022.
             Was a Follower of Trog.
             Slain by a jackal (2 damage)
             ... on level 1 of the Dungeon.
             The game lasted 00:01:32 (397 turns).

cheesebisquit the Trooper (Minotaur Berserker)       Turns: 397, Time: 00:01:32

Health: 0/33       AC:  2    Str: 23    XL:     3   Next: 5%
Magic:  2/2        EV: 12    Int:  4    God:    Trog [*.....]
Gold:   0          SH:  0    Dex:  9    Spells: 2/2 levels left

rFire   . . .      SeeInvis .   a - +0 mace
rCold   . . .      Faith    .   (no shield)
rNeg    . . .      Spirit   .   b - +0 animal skin
rPois   .          Reflect  .   (helmet restricted)
rElec   .          Harm     .   (no cloak)
rCorr   .          Rampage  .   (no gloves)
Will    .....                   (no boots)
Stlth   +.........              (no amulet)
HPRegen 0.11/turn               (no ring)
MPRegen 0.08/turn               (no ring)

@: no status effects
A: horns 2, retaliatory headbutt
a: Renounce Religion, Berserk


You were on level 1 of the Dungeon.
You worshipped Trog.
Trog was aware of your devotion.
You visited 1 branch of the dungeon, and saw 1 of its levels.

Inventory:

Hand Weapons
 a - a +0 mace (weapon)
Missiles
 c - 5 stones (quivered)
Armour
 b - a +0 animal skin (worn)
Potions
 d - a potion of cancellation {unknown}
 e - a potion of curing {unknown}


   Skills:
 + Level 4.0 Fighting
 + Level 4.0 Maces & Flails
 + Level 3.0 Armour
 + Level 2.7 Dodging


You had 2 spell levels left.
You didn't know any spells.
Your spell library was empty.

Dungeon Overview and Level Annotations

Branches:
Dungeon (1/15)

Altars:


Innate Abilities, Weirdness & Mutations

You have a pair of horns on your head.
You reflexively headbutt those who attack you in melee.


Message History

The ball python constricts you. The rat bites you.
The goblin barely misses you.
The jackal bites you but does no damage.
You hit the goblin.
You kill the goblin!
Trog accepts your kill.
The ball python bites you but does no damage.
The ball python constricts you. The jackal bites you.
* * * LOW HITPOINT WARNING * * *
The rat bites you but does no damage. The ball python bites you.
* * * LOW HITPOINT WARNING * * *
The ball python constricts you.
You have reached level 3!
Your experience leads to an increase in your attributes!
Increase (S)trength, (I)ntelligence, or (D)exterity?
You feel stronger. x2
You fail to use your ability.
The jackal bites you.
* * * LOW HITPOINT WARNING * * *
The rat barely misses you. The ball python barely misses you.
You furiously retaliate!
You headbutt the ball python.
You kill the ball python!
Trog accepts your kill. The jackal closely misses you.
You closely miss the jackal.
You headbutt the jackal, but do no damage.
The jackal barely misses you. The rat misses you.
You hit the jackal.
You headbutt the jackal, but do no damage.
The jackal is severely wounded.
The jackal bites you.
* * * LOW HITPOINT WARNING * * *
The rat barely misses you. You furiously retaliate!
You headbutt the rat. The jackal barely misses you. You furiously retaliate!
You headbutt the jackal, but do no damage.
You hit the jackal.
The jackal is almost dead.
The jackal barely misses you. The rat bites you.
* * * LOW HITPOINT WARNING * * *
The jackal bites you.
You die...

########..####....#. ...
.............#......
...########.#.####...###
......#####...##.....###
..... ...##..........##.
.....###.##.......#.....
....................)...
......†...........#.....
......h@..........#.....
......)r...............#
....................##..
#.......................
#..............:..######
#$......................
##................######
.#.....#......#........
..####........


You could see a jackal and a rat.

Vanquished Creatures
  2 dart slugs (D:1)
  3 ball pythons (D:1)
  A bat (D:1)
  3 goblins (D:1)
  2 hobgoblins (D:1)
  6 jackals (D:1)
  A frilled lizard (D:1)
  2 kobolds (D:1)
  3 rats (D:1)
23 creatures vanquished.

Notes
Turn   | Place    | Note
-------+----------+-------------------------------------------
     0 | D:1      | cheesebisquit the Minotaur Berserker began the quest for
                  | the Orb.
     0 | D:1      | Reached XP level 1. HP: 19/19 MP: 0/0
    18 | D:1      | Found a faded altar of an unknown god.
    37 | D:1      | Reached XP level 2. HP: 26/27 MP: 1/1
   394 | D:1      | Reached XP level 3. HP: 7/33 MP: 2/2
   397 | D:1      | Slain by a jackal

Illustrated notes

Levels and vault maps discovered:
D:1:      amcnicky_arrival_single_pillar, layout_rooms,
          ebering_ecumenical_altar_rust, chequers_serial_rivers_room_a,
          supply_closet_lemuel

Skill      XL: |  1  2 |
---------------+-------+-----
Fighting       | 4 |  4.0
Maces & Flails | 4 |  4.0
Armour         | 3 |  3.0
Dodging        | |  2.7

Action                   || total
-------------------------++-------
Melee: Mace              ||    43
       Headbutt          ||     5
       Punch             ||     1
Armor: Animal skin       ||    18
Dodge: Dodged            ||    40
